 Seeded DCSS version 0.30-a0-279-g4b46babb21 (webtiles) character file.

Game seed: 4790075131584116458 (custom seed)

132 purpskrrrp the Shooter (level 5, -6/41 HPs)
             Began as a Formicid Hunter on Oct 16, 2022.
             Mangled by Blork the orc
             ... wielding a +0 battleaxe
              (10 damage)
             ... on level 4 of the Dungeon.
             The game lasted 00:01:32 (1965 turns).

purpskrrrp the Shooter (Formicid Hunter)            Turns: 1965, Time: 00:01:33

Health: -6/41      AC:  3    Str: 16    XL:     5   Next: 38%
Magic:  5/5        EV: 13    Int:  8    God:
Gold:   935        SH:  0    Dex: 19    Spells: 4/4 levels left

rFire   . . .      SeeInvis +    a - +0 shortbow
rCold   . . .      Faith    .    (no shield)
rNeg    . . .      Spirit   .    c - +0 leather armour
rPois   .          Reflect  .    (helmet unavailable)
rElec   .          Harm     .    (no cloak)
rCorr   .          Rampage  .    (no gloves)
Will    .....                    (no boots)
Stlth   ++........               (no amulet)
HPRegen 0.26/turn                (no ring)
MPRegen 0.09/turn                (no ring)

@: no status effects
A: permanent stasis, dig shafts and tunnels, antennae 3, four strong arms
a: Dig, Shaft Self


You were on level 4 of the Dungeon.
You visited 1 branch of the dungeon, and saw 4 of its levels.

You collected 935 gold pieces.

Inventory:

Hand Weapons
 a - a +0 shortbow (weapon)
Armour
 c - a +0 leather armour (worn)
Scrolls
 b - 2 scrolls of immolation
 d - 2 scrolls of amnesia {unknown}
 e - 8 scrolls of identify {unknown}
 f - a scroll of magic mapping {unknown}
 g - 2 scrolls of enchant armour {unknown}
 h - a scroll of brand weapon {unknown}
 i - 2 scrolls of teleportation {unknown}
 k - 2 scrolls of butterflies {unknown}
 n - 3 scrolls of poison {unknown}
 o - a scroll of noise {unknown}
 r - a scroll of fear {unknown}
Potions
 j - 3 potions of flight {unknown}
 l - a potion of resistance {unknown}
 m - a potion of might {unknown}
 p - 3 potions of brilliance {unknown}
 q - 2 potions of heal wounds {unknown}


   Skills:
 + Level 3.3 Fighting
 + Level 4.6 Ranged Weapons
 + Level 2.7 Dodging
 + Level 3.2 Stealth


You had 4 spell levels left.
You didn't know any spells.
Your spell library contained the following spells:

 Spells                   Type           Power      Damage    Failure   Level
 Gell's Gravitas          Tloc           0%         N/A       85%         3
 Ozocubu's Armour         Ice            0%         N/A       85%         3
 Teleport Other           Tloc           0%         N/A       85%         3
 Dispersal                Tloc           0%         N/A       100%        6
 Ozocubu's Refrigeration  Ice            0%         4d7       100%        7


Dungeon Overview and Level Annotations

Branches:
Dungeon (4/15)
 Temple: D:4-7

Altars:
Uskayaw

Annotations:
D:3 1 transporter
D:4 Blork the orc


Innate Abilities, Weirdness & Mutations

You cannot be hasted, slowed, berserked, paralysed or teleported.
You can dig through walls and to a lower floor.
You have a pair of large antennae on your head. (SInv)
Your four strong arms can wield two-handed weapons with a shield.


Message History

You are too injured to fight recklessly!
You are too injured to fight recklessly!
You are too injured to fight recklessly!
You are too injured to fight recklessly!
You are too injured to fight recklessly!
You are too injured to fight recklessly!
You are too injured to fight recklessly!
You are too injured to fight recklessly!
You are too injured to fight recklessly!
You are too injured to fight recklessly!
You are too injured to fight recklessly!
You are too injured to fight recklessly!
You are too injured to fight recklessly!
You are too injured to fight recklessly!
You are too injured to fight recklessly!
You are too injured to fight recklessly!
You are too injured to fight recklessly!
You are too injured to fight recklessly!
You are too injured to fight recklessly!
You are too injured to fight recklessly!
You are too injured to fight recklessly!
You are too injured to fight recklessly!
You are too injured to fight recklessly!
You are too injured to fight recklessly!
You are too injured to fight recklessly!
You are too injured to fight recklessly!
You are too injured to fight recklessly!
You are too injured to fight recklessly!
Unknown command.
Unknown command.
Fire: a) +0 shortbow
Press: ? - help, Shift-Dir - straight line, f - Blork the orc
Aim: Blork the orc, wielding a +0 battleaxe and wearing a +2 robe of resistance (fast, 68% to hit)
You shoot an arrow. The arrow hits Blork the orc.
Blork the orc is lightly wounded.
Blork the orc closely misses you. The orc hits you with a +0 whip.
* * * LOW HITPOINT WARNING * * *
The iguana misses you.
Blork the orc hits you with a +0 battleaxe!
You die...

.... #.. ##?.# ...
#####.... ....
.......# .....
###..#..##.....
#.........$....
#.....olo...... .
#......@..<....
..##..............
..............$...
..................
.......<..........
.)#...............
....##.....#.....#
..# #############
.


You could see Blork the orc (fast), an iguana and an orc.

Vanquished Creatures
  A hound (D:4)
  Natasha (twice) (D:3)
  2 adders
  A worm (D:2)
  A dart slug (D:3)
  An orc (D:3)
  3 ball pythons (D:2)
  3 endoplasms
  2 giant cockroaches
  2 goblins
  5 hobgoblins
  A kobold (D:1)
  3 quokkas
27 creatures vanquished.

Notes
Turn   | Place    | Note
-------+----------+-------------------------------------------
     0 | D:1      | purpskrrrp the Formicid Hunter began the quest for the Orb.
     0 | D:1      | Reached XP level 1. HP: 16/16 MP: 1/1
   243 | D:1      | Reached XP level 2. HP: 23/23 MP: 2/2
   976 | D:2      | Reached XP level 3. HP: 28/28 MP: 3/3
  1178 | D:2      | Identified the +1 ring mail of Boiling Hail {rPois rN+
                  | Dex-4}
  1449 | D:2      | Identified a scroll of acquirement
  1449 | D:2      | Acquired 737 gold pieces
  1613 | D:3      | Found a transporter.
  1666 | D:3      | Found a hide-covered altar of Uskayaw.
  1698 | D:3      | Noticed Natasha
  1703 | D:3      | Killed Natasha
  1704 | D:3      | Reached XP level 4. HP: 34/34 MP: 4/4
  1896 | D:3      | Noticed Natasha
  1904 | D:3      | Killed Natasha
  1913 | D:4      | Reached XP level 5. HP: 31/41 MP: 5/5
  1955 | D:4      | Noticed Blork the orc
  1965 | D:4      | Mangled by Blork the orc

Illustrated notes

Levels and vault maps discovered:
D:1:      amcnicky_arrival_gap_in_the_tavern_cellar, layout_basic
D:2:      layout_basic
D:3:      gammafunk_wand_slinger, layout_basic, lemuel_tele_altar,
          lightli_corner_chamber, uniq_natasha
D:4:      corexii_shack_village, layout_rooms, uniq_crazy_yiuf_cottage,
          uniq_blork_the_orc

Skill      XL: |  1  2  3  4 |
---------------+-------------+-----
Dodging        | 2 |  2.7
Stealth        | 2 3 |  3.2
Fighting       | 3 |  3.3
Ranged Weapons | |  4.6

Action                   |  1- 3 |  4- 6 || total
-------------------------+-------+-------++-------
 Fire: Shortbow          |    60 |    25 ||    85
  Use: Scroll            |     1 |       ||     1
Armor: Leather armour    |       |     1 ||     1
Dodge: Dodged            |    17 |    11 ||    28

Table legend: (Time is in decaauts)
 A = Elapsed time spent in this place.
 B = Non-inter-level travel time spent in this place.
 C = Inter-level travel time spent in this place.
 D = Time resting spent in this place.
 E = Time spent auto-exploring this place.
 F = Levels seen in this place.
 G = Mean time per level.
                   A        B        C        D        E       F      G
               +--------+--------+--------+--------+--------+-----+--------+
         Total |   1991 |   1898 |     93 |      0 |   1695 |   4 |  497.8 |
       Dungeon |   1991 |   1898 |     93 |      0 |   1695 |   4 |  497.8 |
               +--------+--------+--------+--------+--------+-----+--------+

Top non-repeatable levels by time:
     D:2: 779 daAuts
     D:1: 753 daAuts
     D:3: 398 daAuts
     D:4: 59 daAuts
